 Dungeon Crawl Stone Soup version 0.28.0-45-g0d030f2227 (webtiles) character file.

Game seed: 15484769371624087954

163 Fartwhistle the Changer (level 5, -7/46 HPs)
             Began as a Naga Transmuter on Apr 14, 2022.
             Mangled by Grinder (8 damage)
             ... on level 3 of the Dungeon.
             The game lasted 00:12:48 (3941 turns).

Fartwhistle the Changer (Naga Transmuter)           Turns: 3941, Time: 00:12:49

Health: -7/46      AC:  2    Str: 12    XL:     5   Next: 44%
Magic:  3/8        EV: 18    Int: 16    God:
Gold:   71         SH:  0    Dex: 16    Spells: 4/8 levels left

rFire   . . .      SeeInvis +     - Unarmed
rCold   . . .      Faith    .   (shield currently unavailable)
rNeg    . . .      Spirit   .   (armour currently unavailable)
rPois   x          Reflect  .   (helmet currently unavailable)
rElec   .          Harm     .   (cloak currently unavailable)
rCorr   .          Rampage  .   (gloves currently unavailable)
Will    .....                   (no barding)
Stlth   +.........              (no amulet)
HPRegen 0.15/turn               (no ring)
MPRegen 0.11/turn               (no ring)

@: spider-form
A: venomous fangs, AC +1, tiny, see invisible, (deformed body), (poison
resistance), (slowness 2), spit poison 1, (naga tail 1)
a: Spit Poison, End Transformation


You were on level 3 of the Dungeon.
You were a venomous arachnid creature.
You visited 1 branch of the dungeon, and saw 3 of its levels.

You collected 71 gold pieces.

Inventory:

Hand Weapons
 c - a +0 hunting sling of electrocution
Missiles
 b - 2 throwing nets
Armour
 a - a +0 robe (melded)
 h - a +0 buckler (melded)
 m - a +0 pair of gloves (melded)
Scrolls
 d - a scroll of identify {unknown}
 e - a scroll of teleportation {unknown}
 f - a scroll of enchant armour {unknown}
 g - a scroll of amnesia {unknown}
 i - a scroll of brand weapon
 l - a scroll of vulnerability {unknown}


   Skills:
 - Level 2.3 Fighting
 - Level 1.5 Dodging
 - Level 1.0 Shields
 - Level 3.6 Unarmed Combat
 + Level 2.1 Spellcasting
 * Level 3.9 Transmutations
 + Level 0.9 Poison Magic


You had 4 spell levels left.
You knew the following spells:

 Your Spells              Type           Power      Damage    Failure   Level
a - Beastly Appendage     Tmut           28%        N/A       13%         1
b - Spider Form           Tmut/Pois      9%         N/A       43%         3

Your spell library contained the following spells:

 Spells                   Type           Power      Damage    Failure   Level
 Wereblood                Tmut           14%        N/A       17%         2
 Gell's Gravitas          Tloc           1%         N/A       73%         3
 Ozocubu's Armour         Ice            1%         N/A       73%         3
 Teleport Other           Tloc           1%         N/A       73%         3
 Ice Form                 Ice/Tmut       8%         N/A       83%         4
 Metabolic Englaciation   Hex/Ice        0%         N/A       100%        5
 Dispersal                Tloc           0%         N/A       100%        6
 Simulacrum               Ice/Necr       0%         N/A       100%        6


Dungeon Overview and Level Annotations

Branches:
Dungeon (3/15)

Altars:

Annotations:
D:2 1 runed translucent door, Crazy Yiuf
D:3 Grinder, Ijyb


Innate Abilities, Weirdness & Mutations

You are a venomous arachnid creature.
You have poisonous fangs.
You are tiny and dextrous.
Your spellcasting is less reliable in this form.
Your armour is entirely melded.
You are incapable of wielding weapons or throwing items.
((Your serpentine skin is tough. (AC +1)))
You have supernaturally acute eyesight. (SInv)
((Armour fits poorly on your strangely shaped body.))
((Your system is resistant to poisons. (rPois)))
((You cover ground very slowly.))
You can spit poison.
((You have a snake-like lower body.))


Message History

Confirm with . or Enter, or press ? or * to list all spells.
The spell is quite dangerous to miscast (28% risk of failure)!
Continue anyway?
You turn into a venomous arachnid creature.
Your +0 pair of gloves melds into your body.
Your +0 buckler melds into your body.
Your +0 robe melds into your body.
The bat closely misses you.
You hit the bat.
You kill the bat!
Grinder blinks!
You see here a bat corpse.
You have got your breath back.
Grinder zaps a wand.
The puff of flame hits you! Grinder closely misses you.
You hit Grinder.
Grinder is lightly wounded.
Grinder hits you.
You writhe in agony.
You hit Grinder.
Grinder is moderately wounded.
Grinder zaps a wand.
The puff of flame hits you.
You are too injured to fight recklessly!
You are too injured to fight recklessly!
You are too injured to fight recklessly!
Grinder gestures at you. You resist with some effort.
Your magical contamination has completely faded away.
Grinder says, "DUCK!"
Grinder hits you.
You writhe in agony.
* * * LOW HITPOINT WARNING * * *
You hit Grinder but do no damage.
Grinder is poisoned.
Grinder is lightly wounded.
Grinder hits you!
* * * LOW HITPOINT WARNING * * *
You writhe in agony.
* * * LOW HITPOINT WARNING * * *
As you read the scroll labelled RESKINAUKE, it crumbles to dust.
You hear a loud clanging noise!
It was a scroll of noise.
You hear a shout! x4
Grinder hits you!
You die...

#....# #.(....
#.##.###..#..####
#.).......#......
###.##.###.##..##..
######.#.##.##..........
..........†.##......##..
.........#####..##.###..
.........# .....##.# #.#
......5s.##.#......# #.#
###......##.#.#.#### #..
#......##.#...########
#....####.###.#.).....
#######.........#.#.######
#...............#...# #
#....(..........#.### #
#.................##### #
#........<............#


You could see Grinder (poisoned).

Vanquished Creatures
  An orc priest (D:3)
  Terence (D:3)
  An orc wizard (D:3)
  2 adders (D:2)
  2 dart slugs
  3 orcs
  7 ball pythons
  2 bats
  5 endoplasms
  2 giant cockroaches (D:2)
  4 goblins
  5 hobgoblins
  6 jackals (D:2)
  3 quokkas
  A frilled lizard (D:1)
  3 kobolds
  4 rats
52 creatures vanquished.

Notes
Turn   | Place    | Note
-------+----------+-------------------------------------------
     0 | D:1      | Fartwhistle the Naga Transmuter began the quest for the
                  | Orb.
     0 | D:1      | Reached XP level 1. HP: 18/18 MP: 3/3
   307 | D:1      | Reached XP level 2. HP: 17/25 MP: 5/5
  1392 | D:2      | Reached XP level 3. HP: 28/31 MP: 4/6
  1715 | D:2      | Found a runed translucent door.
  1716 | D:2      | Noticed Crazy Yiuf
  2111 | D:2      | Reached XP level 4. HP: 39/39 MP: 7/7
  2557 | D:3      | Noticed Ijyb
  2607 | D:2      | Reached skill level 1 in Shields
  3204 | D:2      | Learned a level 3 spell: Spider Form
  3213 | D:3      | Reached XP level 5. HP: 36/46 MP: 4/8
  3476 | D:3      | Noticed Terence
  3497 | D:3      | HP: 2/46 [Terence/+0 flail (7)]
  3501 | D:3      | Killed Terence
  3926 | D:3      | Noticed Grinder
  3940 | D:3      | HP: 1/46 [Grinder (3)]
  3941 | D:3      | Mangled by Grinder

Illustrated notes

Levels and vault maps discovered:
D:1:      onia_arrival_pentagram, layout_basic, shapermc_ecumenical_altar_petra,
          minmay_tiny_reverse_x
D:2:      layout_loops_corners, uniq_crazy_yiuf_cottage
D:3:      layout_basic, uniq_robin, uniq_ijyb, uniq_terence, uniq_grinder

Skill      XL: |  1  2  3  4 |
---------------+-------------+-----
Transmutations | 3 |  3.9
Fighting       | 2 |  2.3
Shields        | 1 |  1.0
Dodging        | |  1.5
Unarmed Combat | |  3.6
Spellcasting   | |  2.1
Poison Magic   | |  0.9

Action                   |  1- 3 |  4- 6 || total
-------------------------+-------+-------++-------
Melee: Unarmed           |    70 |    46 ||   116
       Headbutt          |     8 |    10 ||    18
 Cast: Beastly Appendage |    11 |     6 ||    17
       Spider Form       |       |     2 ||     2
 Abil: Spit Poison       |    24 |    19 ||    43
  Use: Scroll            |       |     2 ||     2
       Potion            |       |     2 ||     2
 Stab: Distracted        |     1 |       ||     1
       Sleeping          |       |     1 ||     1
Armor: Robe              |    11 |     9 ||    20
       Skin              |       |     3 ||     3
Dodge: Dodged            |    30 |    23 ||    53
Block: Buckler           |     3 |     7 ||    10
